 Dungeon Crawl Stone Soup version 0.29-a0-690-g32ab5fea29 (webtiles) character file.

Game seed: 18205882927205285137

71 Glokmah the Shield-Bearer (level 4, 0/31 HPs)
             Began as an Octopode Fighter on June 25, 2022.
             Was an Initiate of Ru.
             Slain by Sigmund
             ... wielding a +0 scythe
              (7 damage)
             ... on level 3 of the Dungeon.
             The game lasted 00:03:17 (2256 turns).

Glokmah the Shield-Bearer (Octopode Fighter)        Turns: 2256, Time: 00:03:18

Health: 0/31       AC:  1    Str: 17    XL:     4   Next: 24%
Magic:  4/4        EV: 13    Int: 10    God:    Ru [......]
Gold:   174        SH:  4    Dex: 11    Spells: 3/3 levels left

rFire   . . .      SeeInvis .   a - +0 trident
rCold   . . .      Faith    .   b - +0 buckler
rNeg    . . .      Spirit   .   (helmet restricted)
rPois   .          Reflect  .   (no amulet)
rElec   .          Harm     .   (no ring)
rCorr   .          Rampage  .   (no ring)
Will    .....                   (no ring)
Stlth   ++........              (no ring)
HPRegen 0.10/turn               (no ring)
MPRegen 0.09/turn               (no ring)
                                (no ring)
                                (no ring)

@: no status effects
A: almost no armour, amphibious, 8 rings, camouflage 1, gelatinous body 1, no
potion heal 1, (nimble swimmer 1), tentacles
a: Renounce Religion


You were on level 3 of the Dungeon.
You worshipped Ru.
Ru was noncommittal.
You visited 1 branch of the dungeon, and saw 3 of its levels.

You collected 174 gold pieces.

Inventory:

Hand Weapons
 a - a +0 trident (weapon)
Missiles
 f - 4 poisoned darts (quivered)
Armour
 b - a +0 buckler (worn)
Magical Staves
 p - a staff of conjuration
Scrolls
 e - 2 scrolls of identify {unknown}
 g - a scroll of teleportation {unknown}
 h - a scroll of fog {unknown}
 i - 2 scrolls of enchant weapon {unknown}
 k - a scroll of poison {unknown}
 l - 5 scrolls of noise {unknown}
 m - a scroll of fear {unknown}
 q - a scroll of amnesia {unknown}
 s - a scroll of magic mapping {unknown}
Potions
 c - a potion of might
 d - a potion of heal wounds {unknown}
 j - a potion of mutation {unknown}
 n - a potion of curing {unknown}
 o - a potion of brilliance {unknown}
 r - a potion of haste


   Skills:
 - Level 3.0 Fighting
 * Level 3.7 Polearms
 - Level 3.0 Dodging
 + Level 3.7 Shields


You had 3 spell levels left.
You didn't know any spells.
Your spell library was empty.

Dungeon Overview and Level Annotations

Branches:
Dungeon (3/15)

Altars:
Ashenzari
Ru

Annotations:
D:3 Sigmund


Innate Abilities, Weirdness & Mutations

You cannot wear most types of armour.
You are amphibious.
You can wear up to eight rings at the same time.
Your skin changes colour to match your surroundings (Stealth+).
Your rubbery body absorbs attacks. (AC +1, EV +1)
Potions are less effective at restoring your health.
((You are camouflaged when in or above water. (Stealth+)))
You have tentacles for arms and can constrict up to eight enemies at once.


Message History

Found 13 gold pieces.
You reach to attack!
You completely miss the quokka. You hit the quokka but do no damage.
You grab the quokka. You constrict the quokka. The quokka barely misses you.
The quokka misses you.
You puncture the quokka!
You kill the quokka!
No target in view!
Found a scroll labelled XASCHA WARIOR.
Found 3 scrolls labelled COALOKHL ENLA and 14 gold pieces.
You now have 160 gold pieces (gained 13).
s - a scroll labelled XASCHA WARIOR
l - 5 scrolls labelled COALOKHL ENLA (gained 3)
You now have 174 gold pieces (gained 14).
Sigmund the Dreaded comes into view.
He is wielding a +0 scythe.
Sigmund is nearby!
The helpless Sigmund fails to defend himself.
You hit Sigmund but do no damage. Your grab misses Sigmund.
Sigmund gestures at you while chanting.
You are confused.
You closely miss Sigmund.
A rat comes into view.
Sigmund completely misses you.
You bump into the rock wall.
The rat twitches its whiskers.
Sigmund says, "Look into my eyes."
Sigmund hits you with a +0 scythe!
You bump into the rock wall.
You miss Sigmund. Your squeeze misses Sigmund.
Sigmund hits you with a +0 scythe!
* * * LOW HITPOINT WARNING * * *
You closely miss Sigmund. Sigmund closely misses you.
You feel less confused.
Sigmund gestures wildly while chanting.
Sigmund flickers and vanishes!
Deactivating autopickup; reactivate with Ctrl-A.
Something hits you.
* * * LOW HITPOINT WARNING * * *
You barely miss something. You miss something. Something hits you!
You die...

##..##.###...#.
#.............
#.###.###...##
#.# #.# ###.#
##.# #.# #.#
##..# #.# #.#
##.#.# #.# #..
####.###.#
#..@## #..
.......##{# ###
###.### #r# #
... #.# .# #


You could see a rat.

Vanquished Creatures
  Jessica (D:2)
  4 dart slugs
  2 orcs
  A ball python (D:1)
  3 bats
  An endoplasm (D:2)
  2 giant cockroaches
  2 goblins (D:2)
  5 hobgoblins
  2 quokkas
  3 frilled lizards
  4 kobolds
  4 rats
34 creatures vanquished.

Vanquished Creatures (others)
  3 plants (D:3)
3 creatures vanquished.

Grand Total: 37 creatures vanquished

Notes
Turn   | Place    | Note
-------+----------+-------------------------------------------
     0 | D:1      | Glokmah the Octopode Fighter began the quest for the Orb.
     0 | D:1      | Reached XP level 1. HP: 16/16 MP: 1/1
   351 | D:1      | Reached XP level 2. HP: 18/21 MP: 2/2
   513 | D:1      | Found a faded altar of an unknown god.
   524 | D:1      | Prayed at the altar of an unknown god.
   524 | D:1      | Became a worshipper of Ru the Awakened
   533 | D:1      | Gained mutation: Potions are less effective at restoring
                  | your health. [Ru sacrifice]
  1338 | D:2      | Reached XP level 3. HP: 26/26 MP: 3/3
  1401 | D:2      | Noticed Jessica
  1409 | D:2      | Killed Jessica
  1674 | D:2      | Reached XP level 4. HP: 31/31 MP: 4/4
  2192 | D:3      | Found a broken altar of Ashenzari.
  2246 | D:3      | Noticed Sigmund
  2256 | D:3      | Slain by Sigmund

Illustrated notes

Levels and vault maps discovered:
D:1:      matt_arrival_spirals, layout_basic, ebering_ecumenical_altar_webs,
          wander_ebering_terrifying_dragon_lair
D:2:      wad_lake_hut, layout_loops_corners, due_unseen_surprise, uniq_jessica
D:3:      layout_loops_ring, nicolae_overflow_hidden_temple,
          hangedman_decor_clover_reticule, lexackson_kobold_supper, uniq_sigmund

Skill      XL: |  1  2 |
---------------+-------+-----
Polearms       | 3 |  3.7
Fighting       | |  3.0
Dodging        | |  3.0
Shields        | |  3.7

Action                   |  1- 3 |  4- 6 || total
-------------------------+-------+-------++-------
Melee: Trident           |    56 |    25 ||    81
       Constrict         |    10 |     3 ||    13
       Tentacles         |     1 |       ||     1
Invok: Sacrifice Purity  |     1 |       ||     1
 Stab: Sleeping          |     9 |     4 ||    13
Armor: Skin              |     2 |     2 ||     4
Dodge: Dodged            |    15 |     9 ||    24
Block: Buckler           |     4 |     2 ||     6

Table legend: (Time is in decaauts)
 A = Elapsed time spent in this place.
 B = Non-inter-level travel time spent in this place.
 C = Inter-level travel time spent in this place.
 D = Time resting spent in this place.
 E = Time spent auto-exploring this place.
 F = Levels seen in this place.
 G = Mean time per level.
                   A        B        C        D        E       F      G
               +--------+--------+--------+--------+--------+-----+--------+
         Total |   2274 |   2010 |    264 |      0 |   1582 |   3 |  758.0 |
       Dungeon |   2274 |   2010 |    264 |      0 |   1582 |   3 |  758.0 |
               +--------+--------+--------+--------+--------+-----+--------+

Top non-repeatable levels by time:
     D:2: 1155 daAuts
     D:1: 989 daAuts
     D:3: 129 daAuts
